 Dungeon Crawl Stone Soup version 0.28-a0-1396-gdcb3f3653b (webtiles) character file.

Game seed: 3864847862361751920

81974 Ijustatesigmund the Severer (level 15, -2/141 HPs)
             Began as a Hill Orc Fighter on Jan 3, 2022.
             Was the Champion of Cheibriados.
             Slain by an iron troll (11 damage)
             ... while paralysed by an ogre mage
             ... on level 2 of the Orcish Mines on Jan 5, 2022.
             The game lasted 00:41:02 (17298 turns).

Ijustatesigmund the Severer (Hill Orc Fighter)     Turns: 17298, Time: 00:41:06

Health: -2/141     AC: 21    Str: 41    XL:     15   Next: 72%
Magic:  18/24      EV:  2    Int: 31    God:    Cheibriados [******]
Gold:   1258       SH:  0    Dex: 25    Spells: 6/14 levels left

rFire   + . .      SeeInvis +   a - +4 war axe (vamp)
rCold   . . .      Faith    .   c - +0 kite shield
rNeg    . . .      Spirit   .   b - +3 scale mail of the Undertaker {rCorr Str+3}
rPois   .          Reflect  .   u - +2 helmet
rElec   .          Harm     .   w - +1 cloak {rCorr}
rCorr   +          Rampage  .   o - +1 pair of gloves
Will    +....                   l - +1 pair of boots
Stlth   +.........              s - amulet of regeneration
HPRegen 1.13/turn               e - ring of protection from fire
MPRegen 0.19/turn               P - ring "Vedotis" {Wiz Int+4 SInv}

@: paralysed, very slow
A: no striking features
a: Renounce Religion, Bend Time, Temporal Distortion, Slouch, Step From Time


You were on level 2 of the Orcish Mines.
You worshipped Cheibriados.
Cheibriados was exalted by your worship.
You visited 4 branches of the dungeon, and saw 20 of its levels.
You also visited: Bailey.

You collected 1594 gold pieces.
You spent 336 gold pieces at shops.

Inventory:

Hand Weapons
 a - a +4 vampiric war axe (weapon)
 d - a +0 flail of protection
 n - a +0 broad axe
Armour
 b - the +3 scale mail of the Undertaker (worn) {rCorr Str+3}
   (You found it in a bailey)

   Str:       It affects your strength (+3).
   rCorr:     It protects you from acid and corrosion.
 c - a +0 kite shield (worn)
 k - an orb of guile
 l - a +1 pair of boots (worn)
 o - a +1 pair of gloves (worn)
 u - a +2 helmet (worn)
 w - a +1 cloak of preservation (worn)
 M - an orb of light
Jewellery
 e - a ring of protection from fire (left hand)
 j - a ring of fire
 s - an amulet of regeneration (around neck)
 F - an amulet of guardian spirit
 I - an amulet of the acrobat
 N - the ring of Alum {Contam rElec rPois Int+4}
   (You found it on level 2 of the Lair of Beasts)

   [ring of poison resistance]

   Int:       It affects your intelligence (+4).
   rElec:     It insulates you from electricity.
   rPois:     It protects you from poison.
   Contam:    It causes magical contamination when unequipped.
 P - the ring "Vedotis" (right hand) {Wiz Int+4 SInv}
   (You acquired it on level 3 of the Lair of Beasts)

   [ring of wizardry]

   It improves your spell success rate.
   Int:       It affects your intelligence (+4).
   SInv:      It lets you see invisible.
 R - a ring of protection from fire
Wands
 h - a wand of iceblast (2)
 y - a wand of acid (3)
 D - a wand of paralysis (2)
 K - a wand of digging (6)
Scrolls
 g - 2 scrolls of amnesia
 p - 2 scrolls of fog
 q - 4 scrolls of immolation
 t - 2 scrolls of teleportation
 v - 8 scrolls of magic mapping
 x - 3 scrolls of summoning
 z - 6 scrolls of enchant armour
 B - 3 scrolls of blinking
 G - 2 scrolls of fear
 L - 4 scrolls of enchant weapon
Potions
 f - 3 potions of brilliance
 i - 5 potions of mutation
 m - 2 potions of might
 r - a potion of invisibility
 A - 3 potions of lignification
 C - 2 potions of heal wounds
 E - 4 potions of cancellation
 H - 2 potions of ambrosia
 J - 4 potions of curing
 O - 4 potions of attraction {unknown}
 Q - a potion of flight {unknown}


   Skills:
 + Level 15.1 Fighting
 + Level 16.4 Axes
 + Level 8.3 Armour
 + Level 4.5 Dodging
 - Level 8.7 Shields
 - Level 8.8 Necromancy
 - Level 10.6 Earth Magic
 + Level 12.9 Invocations
 - Level 6.7 Evocations


You had 6 spell levels left.
You knew the following spells:

 Your Spells              Type           Power      Damage    Failure   Level
a - Vampiric Draining     Necr           53%        2d9       1%          3
b - Borgnjor's Vile Clut  Necr/Erth      28%        N/A       7%          5

Your spell library contained the following spells:

 Spells                   Type           Power      Damage    Failure   Level
 Animate Skeleton         Necr           100%       N/A       1%          1
 Pain                     Necr           100%       1d9       1%          1
 Sandblast                Erth           100%       2d20      1%          1
 Passwall                 Tmut/Erth      26%        N/A       2%          2
 Animate Dead             Necr           26%        N/A       3%          4
 Stone Arrow              Conj/Erth      64%        3d11      4%          3
 Lee's Rapid Deconstruct  Erth           30%        3d17*     4%          5
 Agony                    Necr           53%        N/A       10%         5
 Beastly Appendage        Tmut           0%         N/A       13%         1
 Wereblood                Tmut           0%         N/A       19%         2
 Dazzling Flash           Conj/Hex       0%         N/A       34%         3
 Gell's Gravitas          Tloc           0%         N/A       34%         3
 Spider Form              Tmut/Pois      0%         N/A       34%         3
 Summon Guardian Golem    Hex/Summ       0%         N/A       34%         3
 Swiftness                Air            0%         N/A       34%         3
 Teleport Other           Tloc           0%         N/A       34%         3
 Death Channel            Necr           26%        N/A       45%         6
 Fulminant Prism          Conj/Hex       0%         3d6       75%         4
 Iskenderun's Mystic Bla  Conj/Tloc      0%         2d3       75%         4
 Olgreb's Toxic Radiance  Pois           0%         N/A       75%         4
 Alistair's Intoxication  Tmut/Pois      0%         N/A       96%         5
 Silence                  Hex/Air        0%         N/A       96%         5
 Dispersal                Tloc           0%         N/A       100%        6
 Eringya's Noxious Bog    Tmut/Pois      0%         N/A       100%        6
 Orb of Destruction       Conj           0%         N/A       100%        7
 Ozocubu's Refrigeration  Ice            0%         4d5       100%        7
 Spellforged Servitor     Conj/Summ      0%         N/A       100%        7
 Disjunction              Tloc           0%         N/A       100%        8
 Ignition                 Fire           0%         3d3       100%        8


Dungeon Overview and Level Annotations

Branches:
Dungeon (11/15)            Temple (1/1) D:4            Lair (6/6) D:10
  Swamp (0/4) Lair:4       Spider (0/4) Lair:4        Slime (0/5) Lair:6
    Orc (2/2) D:10            Elf (0/3) Orc:2        Bailey (visited)

Altars:
Ashenzari
Cheibriados
Dithmenos
Elyvilon
Fedhas
Gozag
Hepliaklqana
Kikubaaqudgha
Makhleb
Nemelex Xobeh
Okawaru
Qazlal
Ru
Sif Muna
Trog
Uskayaw
Vehumet
Wu Jian
Xom
Yredelemnul
Zin
The Shining One
Beogh

Shops:
D:5 ?   D:6 [   Orc:2 [


Message History

You slice the ogre!! You slice the troll!!
You feel better.
You hit the iron troll but do no damage.
You slash the ogre mage!
You feel better. You block the troll's attack. x2
The troll barely misses you. The ogre mage casts a spell at you.
You suddenly lose the ability to move!
The troll bites you! The troll claws you. x2
The troll bites you but does no damage. The troll claws you.
The troll claws you but does no damage.
The ogre mage hits you but does no damage.
The ogre hits you with a +0 giant spiked club!
The troll bites you but does no damage. The troll claws you.
The troll claws you! The ogre hits you but does no damage.
The two-headed ogre hits you with a +0 giant club.
The two-headed ogre hits you but does no damage.
The troll bites you but does no damage.
The troll claws you but does no damage. x2
The iron troll bites you but does no damage.
The iron troll claws you but does no damage. x2
The ogre mage hits you with a +0 club. The troll bites you but does no damage.
The troll claws you. The troll claws you but does no damage.
The ogre hits you with a +0 giant spiked club!!
The ogre hits you with a +0 giant club.
The two-headed ogre hits you with a +0 giant club!!
The two-headed ogre barely misses you. The troll bites you.
* * * LOW HITPOINT WARNING * * *
The troll claws you but does no damage. The troll claws you.
* * * LOW HITPOINT WARNING * * *
The ogre mage casts a spell at you. You resist with some effort.
The troll bites you.
* * * LOW HITPOINT WARNING * * *
The troll claws you but does no damage. x2
The ogre hits you with a +0 giant spiked club.
* * * LOW HITPOINT WARNING * * *
The iron troll bites you!
* * * LOW HITPOINT WARNING * * *
The iron troll claws you.
* * * LOW HITPOINT WARNING * * *
The iron troll claws you!
You die...

#..............∩......
##......#.............
#............##.....[.
##............#.......
##))_.......#........
#..........#........
#.............#.....
##.OO(...............
#.OT@T...............
#....OTO.......>.......
.......O#....#.
#.#......#...... #
#...........#.
#..............
##.............
##....... ....


You could see an iron troll, a two-headed ogre, an ogre mage (invisible), 2
trolls and 4 ogres.

Vanquished Creatures
  Josephine (Lair:6)
  An ogre mage (Orc:2)
  A boulder beetle (D:11)
  8 hydras
  A catoblepas (Lair:6)
  10 two-headed ogres
  A centaur warrior (D:11)
  15 death yaks
  Urug (Lair:6)
  Nergalle (Lair:3)
  An orc knight (Bailey)
  2 ugly things
  2 orc sorcerers
  22 elephants
  3 cyclopes
  2 torpor snails
  2 gargoyles
  4 cane toads
  3 rime drakes
  2 kobold demonologists
  16 komodo dragons
  5 polar bears
  Grinder (D:3)
  7 trolls
  4 hornets
  18 blink frogs
  8 dream sheep
  A meliai zombie (D:11)
  2 shadows (D:11)
  A vampire (D:11)
  12 spriggans (Lair:6)
  5 wyverns
  34 yaks
  3 wraiths (Lair:6)
  A steam dragon (D:7)
  9 vampire mosquitoes
  3 basilisks
  A warg (D:10)
  An acid dragon (D:9)
  15 water moccasins
  2 ice beasts
  18 orc warriors
  A sky beast (D:7)
  4 black bears (Lair:6)
  12 ogres
  4 boggarts (Lair:6)
  2 necrophages (D:5)
  45 wolves
  6 centaurs
  2 phantoms
  10 kobold brigands
  3 gnoll sergeants
  2 wyvern zombies
  4 scorpions
  9 bullfrogs
  3 killer bees (D:9)
  6 howler monkeys
  7 electric eels
  9 centaur zombies
  11 orc priests
  4 jellies
  2 centaur skeletons
  3 hounds
  3 iguanas
  A bullfrog skeleton (D:6)
  14 orc wizards
  A hound skeleton (D:5)
  23 gnolls
  5 adders
  3 shadow imps
  2 white imps
  2 worms
  2 dart slugs
  55 orcs
  6 bats
  8 endoplasms
  5 giant cockroaches
  15 hobgoblins
  3 jackals (D:3)
  36 kobolds
  3 quokkas
  7 ball pythons
  A frilled lizard (D:1)
  9 goblins
  9 kobold skeletons (D:10)
  9 kobold zombies (D:10)
  3 rats
624 creatures vanquished.

Vanquished Creatures (others)
  A bush (Lair:6)
  49 fungi
  34 plants
84 creatures vanquished.

Grand Total: 708 creatures vanquished

Notes
Turn   | Place    | Note
-------+----------+-------------------------------------------
     0 | D:1      | Ijustatesigmund the Hill Orc Fighter began the quest for
                  | the Orb.
     0 | D:1      | Reached XP level 1. HP: 19/19 MP: 1/1
   100 | D:1      | Reached skill level 3 in Axes
   223 | D:1      | Reached XP level 2. HP: 27/27 MP: 2/2
   549 | D:1      | Reached skill level 4 in Axes
   628 | D:1      | Reached XP level 3. HP: 33/33 MP: 3/3
  1406 | D:2      | You fall into a shaft and drop 2 floors!
  2466 | D:3      | Reached XP level 4. HP: 41/41 MP: 4/4
  2467 | D:3      | Noticed Grinder
  2475 | D:3      | Killed Grinder
  2476 | D:3      | Reached skill level 5 in Fighting
  2476 | D:3      | Reached skill level 6 in Axes
  2476 | D:3      | Reached XP level 5. HP: 15/48 MP: 5/5
  2476 | D:3      | Reached XP level 6. HP: 17/56 MP: 6/6
  3203 | D:4      | Found a staircase to the Ecumenical Temple.
  3811 | D:5      | Entered Level 5 of the Dungeon
  3812 | D:5      | Noticed a necrophage
  3825 | D:5      | Killed a necrophage
  3826 | D:5      | Reached skill level 7 in Axes
  3826 | D:5      | Reached XP level 7. HP: 56/64 MP: 7/7
  3971 | D:5      | Reached skill level 8 in Axes
  4034 | D:5      | Reached XP level 8. HP: 73/73 MP: 8/8
  4161 | D:5      | Found Sosilot's Magic Scroll Shoppe.
  4166 | D:5      | Bought a scroll of teleportation for 36 gold pieces
  4166 | D:5      | Bought a scroll of identify for 24 gold pieces
  4166 | D:5      | Bought a scroll of teleportation for 36 gold pieces
  4166 | D:5      | Bought a scroll of magic mapping for 42 gold pieces
  4287 | D:5      | Found an iron altar of Okawaru.
  4290 | D:5      | Found a glowing silver altar of Zin.
  4321 | D:5      | Reached skill level 9 in Axes
  4672 | D:5      | Reached skill level 5 in Armour
  4996 | D:6      | Reached XP level 9. HP: 83/83 MP: 9/9
  5028 | D:6      | Reached skill level 10 in Axes
  5601 | D:6      | Found Sussattu's Armour Shoppe.
  5613 | D:6      | Bought a +1 cloak of preservation for 198 gold pieces
  5840 | Temple   | Entered the Ecumenical Temple
  6017 | Temple   | Became a worshipper of Cheibriados the Contemplative
  6239 | D:7      | Noticed a troll
  6250 | D:7      | Killed a troll
  6251 | D:7      | Reached skill level 10 in Fighting
  6251 | D:7      | Reached skill level 1 in Invocations
  6315 | D:7      | Found a large runed translucent door.
  6315 | D:7      | Found a large runed translucent door.
  6506 | D:7      | Reached skill level 11 in Axes
  6574 | D:7      | Found a radiant altar of Vehumet.
  6669 | D:7      | Reached * piety under Cheibriados
  6823 | D:7      | Found a broken altar of Ashenzari.
  6844 | D:7      | Found a sparkling altar of Nemelex Xobeh.
  6853 | D:7      | Reached XP level 10. HP: 90/94 MP: 12/12
  6878 | D:8      | Paralysed by a hornet for 2 turns
  7079 | D:7      | Reached skill level 5 in Invocations
  7186 | D:8      | Noticed a cyan ugly thing
  7200 | D:8      | Killed a cyan ugly thing
  7201 | D:8      | Reached skill level 1 in Dodging
  7452 | D:8      | Reached skill level 12 in Axes
  7582 | D:8      | Noticed a two-headed ogre
  7802 | D:8      | Killed a two-headed ogre
  8147 | D:9      | Reached ** piety under Cheibriados
  8159 | D:9      | Found a flagged portal.
  8168 | Bailey   | Entered a bailey
  8295 | Bailey   | Noticed an orc knight
  8307 | Bailey   | Killed an orc knight
  8493 | Bailey   | Reached XP level 11. HP: 103/103 MP: 16/16
  8543 | Bailey   | Reached *** piety under Cheibriados
  8655 | Bailey   | Found an iron altar of Okawaru.
  8655 | Bailey   | Noticed an orc sorcerer
  8682 | Bailey   | Killed an orc sorcerer
  8758 | Bailey   | Reached skill level 13 in Axes
  8758 | Bailey   | Reached skill level 5 in Shields
  8758 | Bailey   | Reached XP level 12. HP: 113/113 MP: 16/19
  8922 | Bailey   | Identified the +3 scale mail of the Undertaker {rCorr
                  | Str+3}
  8989 | Bailey   | Noticed a soul eater
  8990 | Bailey   | Reached skill level 14 in Axes
  9711 | D:9      | Reached **** piety under Cheibriados
 10039 | D:10     | Entered Level 10 of the Dungeon
 10180 | D:10     | Reached skill level 10 in Invocations
 10268 | D:10     | Found a bloodstained altar of Trog.
 10495 | D:10     | Found a staircase to the Orcish Mines.
 10503 | D:10     | Found a staircase to the Lair.
 10615 | D:10     | Reached ***** piety under Cheibriados
 10662 | D:10     | Found an ancient bone altar of Kikubaaqudgha.
 10893 | D:11     | Noticed a two-headed ogre
 10899 | D:11     | Killed a two-headed ogre
 10992 | D:11     | Noticed a two-headed ogre
 11006 | D:11     | Killed a two-headed ogre
 11063 | D:11     | Reached skill level 15 in Axes
 11076 | D:11     | Noticed a centaur warrior
 11076 | D:11     | Noticed a boulder beetle
 11082 | D:11     | Killed a centaur warrior
 11109 | D:11     | Reached XP level 13. HP: 109/124 MP: 21/21
 11571 | Lair:1   | Entered Level 1 of the Lair of Beasts
 11771 | Lair:1   | Reached ****** piety under Cheibriados
 12556 | Lair:2   | Reached skill level 16 in Axes
 12685 | Lair:2   | Identified the ring of Alum {Contam rElec rPois Int+4}
 12696 | Lair:2   | Upgraded the game from 0.28-a0-1389-gc726bef33b to
                  | 0.28-a0-1396-gdcb3f3653b
 12839 | Lair:2   | You fall into a shaft and drop 2 floors!
 12854 | Lair:4   | Found a staircase to the Swamp.
 12873 | Lair:4   | Found a hole to the Spider Nest.
 13248 | Lair:3   | Reached skill level 5 in Evocations
 13323 | Lair:3   | Noticed Nergalle
 13357 | Lair:3   | Killed Nergalle
 13518 | Lair:3   | Identified a scroll of acquirement
 13518 | Lair:3   | Acquired the ring "Vedotis" {Wiz Int+4 SInv}
 13527 | Lair:3   | Learned a level 3 spell: Vampiric Draining
 13690 | Lair:4   | Reached skill level 1 in Necromancy
 13721 | Lair:4   | Reached XP level 14. HP: 133/133 MP: 23/23
 14274 | Lair:5   | Reached skill level 5 in Necromancy
 14920 | Lair:5   | Learned a level 5 spell: Borgnjor's Vile Clutch
 15302 | Lair:6   | Entered Level 6 of the Lair of Beasts
 15302 | Lair:6   | Noticed Urug
 15312 | Lair:5   | Reached skill level 1 in Earth Magic
 15527 | Lair:6   | Reached skill level 5 in Earth Magic
 15591 | Lair:6   | Paralysed by a hornet for 3 turns
 15764 | Lair:6   | Reached XP level 15. HP: 93/139 MP: 24/24
 15832 | Lair:6   | Found a staircase to the Slime Pits.
 15900 | Lair:6   | Noticed Josephine
 15916 | Lair:6   | Killed Josephine
 16072 | Lair:6   | Reached skill level 10 in Earth Magic
 16204 | Lair:6   | Killed Urug
 16878 | Orc:1    | Entered Level 1 of the Orcish Mines
 17030 | Orc:2    | Entered Level 2 of the Orcish Mines
 17030 | Orc:2    | Found Yppoasuk's Armour Shop.
 17187 | Orc:2    | Found a staircase to the Elven Halls.
 17196 | Orc:2    | Found a roughly hewn altar of Beogh.
 17260 | Orc:2    | Reached skill level 15 in Fighting
 17294 | Orc:2    | Paralysed by an ogre mage for 4 turns
 17298 | Orc:2    | Slain by an iron troll

Illustrated notes

Levels and vault maps discovered:
D:1:      dpeg_arrival_houses_and_road, layout_basic
D:2:      layout_basic, minmay_misc_feat_enclosed, grunt_decor_junction,
          roderic_lattice_a
D:3:      layout_basic, uniq_grinder
D:4:      layout_basic, minmay_temple_entry_sparse_star, corexii_shack,
          kennysheep_generic_room_3
D:5:      layout_basic, nicolae_overflow_squiral, serial_shops,
          nicolae_square_shop, hangedman_decor_push, minmay_starry_boxes
D:6:      layout_loops_corners, serial_shops, shop, minmay_stone_trees_small,
          st_stairs_13
D:7:      layout_loops_cross, jmf_multi_god_temple2, marbit_many_paths
D:8:      layout_layer_cave
D:9:      layout_small_grid, enter_bailey_8, kennysheep_boxes
D:10:     wander_kiku_kobolds, layout_irregular_city,
          mainiacjoe_overflow_cross_hatched, lair_entry_dummy, david_orc_3,
          kennysheep_crisscross
D:11:     cheibrodos_barr_body, layout_long_grid
Temple:   regret_index_temple_sphere_string
Lair:1:   layout_regular_city
Lair:2:   layout_hall_layers, grunt_megastairs_1
Lair:3:   layout_cave_shapes, uniq_nergalle
Lair:4:   layout_roguey, minmay_swamp_entry_swarm, spider_nest_entry_web_field
Lair:5:   layout_cave_pods, infiniplex_staircase_pool, grunt_megastairs_2,
          serial_bayou_shore_a, lemuel_fruit_tree, lemuel_fruit_fields
Lair:6:   minmay_lair_end_enchanted_forest, layout_gridlike,
          nicolae_slime_entry_slimehenge, uniq_urug, uniq_josephine
Orc:1:    layout_caves, serial_shops, shop
Orc:2:    st_orc_open, layout_caves, serial_shops, shop, shop, shop, basic_altar

Skill      XL: |  1  2  3  4  5  6  7  8  9 10 11 12 13 14 15 |
---------------+----------------------------------------------+-----
Axes           | 3 4 6 7 8 9 11 12 13 15 16 | 16.4
Fighting       | 4 5 6 7 9 10 11 12 14 15 | 15.1
Evocations     | 2 6 |  6.7
Armour         | 5 7 8 |  8.3
Invocations    | 3 6 9 11 12 | 12.9
Dodging        | 2 3 4 |  4.5
Shields        | 5 7 8 |  8.7
Necromancy     | 1 8 |  8.8
Earth Magic    | 7 10 | 10.6

Action                   |  1- 3 |  4- 6 |  7- 9 | 10-12 | 13-15 || total
-------------------------+-------+-------+-------+-------+-------++-------
Melee: War axe           |   104 |    84 |   280 |   447 |   859 ||  1774
       Flail             |       |       |       |       |    48 ||    48
 Cast: Vampiric Draining |       |       |       |       |     3 ||     3
       Borgnjor's Vile C |       |       |       |       |     9 ||     9
Invok: Bend Time         |       |       |       |     2 |     4 ||     6
       Slouch            |       |       |       |       |     1 ||     1
Evoke: Wand              |       |     6 |     1 |     7 |     6 ||    20
  Use: Scroll            |       |     8 |     7 |     7 |     9 ||    31
       Potion            |       |       |     1 |     3 |       ||     4
 Stab: Paralysed         |       |       |       |       |     5 ||     5
Armor: Scale mail        |    51 |    49 |     8 |   160 |   434 ||   702
       Chain mail        |       |       |   157 |   104 |       ||   261
Dodge: Dodged            |    34 |    26 |    89 |   177 |   470 ||   796
Block: Buckler           |    29 |    10 |    53 |    12 |       ||   104
       Kite shield       |       |       |       |   223 |   629 ||   852

Table legend: (Time is in decaauts)
 A = Elapsed time spent in this place.
 B = Non-inter-level travel time spent in this place.
 C = Inter-level travel time spent in this place.
 D = Time resting spent in this place.
 E = Time spent auto-exploring this place.
 F = Levels seen in this place.
 G = Mean time per level.
                   A        B        C        D        E       F      G
               +--------+--------+--------+--------+--------+-----+--------+
         Total |  23565 |  22135 |   1430 |   1614 |  16146 |  21 | 1122.1 |
       Dungeon |  12702 |  11859 |    843 |   1050 |   8622 |  11 | 1154.7 |
        Temple |    213 |    144 |     69 |      0 |    128 |   1 |  213.0 |
          Lair |   8911 |   8433 |    478 |    100 |   6848 |   6 | 1485.2 |
  Orcish Mines |    716 |    677 |     39 |      0 |    521 |   2 |  358.0 |
        Bailey |   1022 |   1022 |      0 |    464 |     27 |   1 | 1022.0 |
               +--------+--------+--------+--------+--------+-----+--------+

Top non-repeatable levels by time:
  Lair:6: 2248 daAuts
  Lair:5: 1999 daAuts
    D:10: 1695 daAuts
     D:8: 1501 daAuts
     D:9: 1491 daAuts
  Lair:1: 1394 daAuts
  Lair:4: 1292 daAuts
     D:4: 1239 daAuts
     D:1: 1239 daAuts
  Lair:2: 1238 daAuts
     D:7: 1087 daAuts
     D:6: 1052 daAuts
  Bailey: 1022 daAuts
     D:5: 983 daAuts
     D:2: 950 daAuts
